 Dungeon Crawl Stone Soup version 0.32-a0-607-g64ea0e4 (webtiles) character file.

Game seed: 11038463464691655503

153230 Caerwyn the Warrior (level 17, 0/153 HPs)
             Began as a Coglin Berserker on Mar 3, 2024.
             Was the Champion of Trog.
             Slain by a wolf spider simulacrum (11 damage)
             ... on level 1 of the Spider Nest.
             The game lasted 00:32:40 (24395 turns).

Caerwyn the Warrior (Coglin Berserker)             Turns: 24395, Time: 00:32:40

Health: 0/153      AC: 25    Str: 20    XL:     17   Next: 60%
Magic:  17/17      EV: 14    Int:  7    God:    Trog [******]
Gold:   537        SH:  0    Dex: 19    Spells: 16/16 levels left

rFire   + . .        V - +6 broad axe of Defence {heavy, rPois Stlth+}
rCold   . . .        y - +9 broad axe (heavy) {Harkiran}
rNeg    + . .        I - +3 chain mail of Dogma {rPois rCorr Dex+4}
rPois   +            x - +2 hat {Will+}
rElec   +            m - +2 cloak
rCorr   +            H - +0 pair of gloves of the Nightingale {rElec rF+ rN+ Str-4}
SInv    .            U - +2 pair of boots
Will    +++..        (amulet unavailable) Stlth
                     (ring unavailable)
HPRegen 0.45/turn    (ring unavailable)
MPRegen 0.15/turn    P - geoautomatic generator {Rampage Acrobat Will+ Slay+3}

%: acrobat, rampage
@: spiked, studying Axes, revved
A: off-hand wielding, slow wielding, warmup strikes, no jewellery
a: Renounce Religion, Berserk, Trog's Hand, Brothers in Arms


You were on level 1 of the Spider Nest.
You worshipped Trog.
Trog was exalted by your worship.
You visited 5 branches of the dungeon, and saw 24 of its levels.
You also visited: Sewer, Ossuary, Bailey, Gauntlet and Volcano.

You collected 3054 gold pieces.
You spent 2517 gold pieces at shops.

Inventory:

Hand Weapons
 y - a +9 heavy broad axe (offhand) {Harkiran}
   (Trog gifted it to you on level 6 of the Dungeon)
 A - a +6 antimagic broad axe
   (Trog gifted it to you on level 15 of the Dungeon)
 V - the +6 broad axe of Defence (weapon) {heavy, rPois Stlth+}
   (Trog gifted it to you on level 2 of the Orcish Mines)

   rPois:     It protects you from poison.
   Stlth+:    It makes you more stealthy.
Missiles
 c - a throwing net {!f}
 T - 12 javelins
Armour
 m - a +2 cloak (worn)
   (You found it on level 2 of the Dungeon)
 s - a +0 scale mail
   (You found it on level 15 of the Dungeon)
 x - a +2 hat of willpower (worn)
   (You took it off Gastronok on level 8 of the Dungeon)
 C - the +1 helmet of Periwinkles {Int+6}
   (You found it on level 1 of the Lair of Beasts)

   Int+6:     It affects your intelligence (+6).
 G - a +0 scale mail
   (You found it on level 1 of the Spider Nest)
 H - the +0 pair of gloves of the Nightingale (worn) {rElec rF+ rN+ Str-4}
   (You bought it in a shop on level 7 of the Dungeon)

   Str-4:     It affects your strength (-4).
   rF+:       It protects you from fire.
   rElec:     It insulates you from electricity.
   rN+:       It protects you from negative energy.
 I - the +3 chain mail of Dogma (worn) {rPois rCorr Dex+4}
   (You bought it in a shop on level 7 of the Dungeon)

   Dex+4:     It affects your dexterity (+4).
   rPois:     It protects you from poison.
   rCorr:     It protects you from acid and corrosion.
 S - a +3 plate armour of willpower
   (You took it off an orc warrior on level 2 of the Orcish Mines)
 U - a +2 pair of boots (worn)
   (You found it on level 10 of the Dungeon)
 W - the +1 helmet of Duro {rN+ Str+4}
   (You bought it in a shop on level 2 of the Orcish Mines)

   Str+4:     It affects your strength (+4).
   rN+:       It protects you from negative energy.
Gizmo
 P - a geoautomatic generator (installed) {Rampage Acrobat Will+ Slay+3}
   (You invented it yourself on level 2 of the Lair of Beasts)

   [geoautomatic generator]

   Slay+3:    It affects your accuracy & damage with ranged weapons and melee
   (+3).
   Will+:     It increases your willpower.
   Rampage:   It bestows one free step when moving towards enemies.
   Acrobat:   It increases your evasion after moving or waiting.
Wands
 a - a wand of mindburst (14)
   (You found it on level 1 of the Lair of Beasts)
 t - a wand of flame (27)
   (You found it on level 2 of the Dungeon)
 u - a wand of paralysis (25)
   (You found it on level 4 of the Lair of Beasts)
 v - a wand of roots (28)
   (You found it on level 4 of the Dungeon)
 X - a wand of quicksilver (2)
   (You found it on level 14 of the Dungeon)
Scrolls
 b - 2 scrolls of enchant armour
 d - 12 scrolls of teleportation {@r4}
 i - a scroll of enchant weapon
 o - 4 scrolls of revelation
 q - 10 scrolls of identify {@r1}
 w - 2 scrolls of immolation {!r}
 D - 4 scrolls of vulnerability {!r}
 F - 3 scrolls of summoning
 M - 2 scrolls of blinking
 O - 2 scrolls of fear
 Q - 2 scrolls of poison
Potions
 e - 14 potions of degeneration {!q}
 f - a potion of invisibility
 g - 2 potions of haste {@q3}
 h - 4 potions of enlightenment
 j - 2 potions of berserk rage
 k - 3 potions of cancellation
 l - 7 potions of curing {@q1}
 n - 6 potions of heal wounds {@q2}
 p - 4 potions of attraction {!q}
 z - 5 potions of mutation {!q}
 B - 3 potions of might
 E - 7 potions of lignification {!q}
 K - 5 potions of resistance
 L - 4 potions of magic
Miscellaneous
 r - a condenser vane
   (You found it on level 12 of the Dungeon)


   Skills:
 * Level 19.4 Fighting
 - Level 18.0 Axes
 + Level 10.9 Armour
 - Level 10.0 Dodging
 - Level 10.0 Evocations


You had 16 spell levels left.
You didn't know any spells.
Your spell library was empty.

Dungeon Overview and Level Annotations

Branches:
Dungeon (15/15)            Temple (1/1) D:5            Lair (5/5) D:10
 Shoals (0/4) Lair:3       Spider (1/4) Lair:3        Slime (0/5) Lair:4
    Orc (2/2) D:12            Elf (0/3) Orc:2        Vaults (0/5) D:13
 Depths (0/4) D:15          Sewer (visited)         Ossuary (visited)
 Bailey (visited)         Volcano (visited)         Gauntlet (visited)

Altars:
Ashenzari
Cheibriados
Dithmenos
Elyvilon
Fedhas
Gozag
Hepliaklqana
Kikubaaqudgha
Makhleb
Nemelex Xobeh
Okawaru
Qazlal
Ru
Sif Muna
Trog
Uskayaw
Vehumet
Wu Jian
Xom
Yredelemnul
Zin
The Shining One
Beogh
Jiyva
Lugonu

Shops:
D:7 *[:*   D:9 *   D:11 *   Orc:2 *=([?

Portals:
Abyss: Lair:5
Trove: D:12 (give +2 gold dragon scales)


Innate Abilities, Weirdness & Mutations

You can wield a second weapon in your off-hand.
It takes a long time for you to wield or remove held weapons.
Your first few attacks do less damage.
You cannot equip rings or amulets.


Message History

2 wolf spider simulacra come into view.
The redback misses you. The redback closely misses you.
Your life force feels restored.
Unknown command.
Unknown command.
You open the wolf spider simulacrum like a pillowcase with your +9 heavy broad axe!!!
You slash the redback with your +9 heavy broad axe!
You kill the redback!
Trog accepts your kill.
A freezing mist starts to gather...
A redback simulacrum comes into view.
The pharaoh ant bites you!
* * * LOW HITPOINT WARNING * * *
Unknown command.
Unknown command.
Okay, then.
Unknown command.
You slice the pharaoh ant with your +9 heavy broad axe!!
You slash the boulder beetle simulacrum with your +9 heavy broad axe!
You slice the pharaoh ant with the +6 broad axe of Defence!!
You destroy the pharaoh ant!
Trog accepts your kill.
The pharaoh ant binds the souls of nearby monsters.
You slash the boulder beetle simulacrum with the +6 broad axe of Defence!
The jumping spider leaps!
The boulder beetle simulacrum bites you but does no damage.
The jumping spider misses you.
The jumping spider bites you but does no damage.
Unknown command.
You hit the boulder beetle simulacrum with your +9 heavy broad axe.
You slash the steelbarb worm with your +9 heavy broad axe!
You slice the jumping spider with your +9 heavy broad axe!!
You slice the redback with your +9 heavy broad axe!!
You kill the redback!
Trog accepts your kill.
You hit the wolf spider simulacrum with your +9 heavy broad axe.
You hit the wolf spider simulacrum but do no damage.
You hit the steelbarb worm but do no damage.
You slice the jumping spider with the +6 broad axe of Defence!!
You kill the jumping spider!
Trog accepts your kill.
A freezing mist starts to gather... x2
A jumping spider simulacrum and a redback simulacrum come into view.
The wolf spider simulacrum hits you but does no damage.
The wolf spider simulacrum completely misses you.
The steelbarb worm hits you!
* * * LOW HITPOINT WARNING * * *
Barbed spikes become lodged in your body.
The wolf spider simulacrum hits you!
You die...

....[##.......
.....##.......#^.....
.....................
#...................
##...#...............
#^...................
#...................
...###.○...#††..........
.....Z.@...†............
......ZwZ.Z†...†........
....#...........>.....##
...#.^..............#^#
. .^................###
..................#..#
.............$.......##
............)........#
..............#


You could see a steelbarb worm (soul bound), a wolf spider simulacrum, a jumping
spider simulacrum and 2 redback simulacra.

Vanquished Creatures
  Saint Roka (Orc:2)
  Jorgrun (D:15)
  Gastronok (D:8)
  Agnes (D:14)
  2 broodmothers (Spider:1)
  A minotaur (Gauntlet)
  Fannar (Orc:1)
  2 centaur warriors (D:15)
  A great orb of eyes (D:15)
  A vault guard (D:13)
  5 hydras
  An ogre mage (Orc:2)
  A radroach (Spider:1)
  5 death yaks (Lair:5)
  2 thrashing horrors (Lair:5)
  6 boulder beetles
  7 two-headed ogres
  Urug (D:11)
  An orc high priest (Orc:2)
  3 tengu warriors (D:14)
  A demonic crawler (Spider:1)
  A fire crab (shapeshifter) (D:13)
  6 skeletal warriors
  2 pharaoh ants (Spider:1)
  3 lindwurms
  A swamp dragon (Lair:1)
  7 orc knights
  An orange crystal statue (D:12)
  2 large abominations (Lair:5)
  3 deep elf pyromancers
  17 ugly things
  An obsidian statue (Gauntlet)
  6 oklob plants (Lair:4)
  6 orc sorcerers
  5 wolf spiders (Spider:1)
  3 manticores
  4 cyclopes
  6 meliai
  A toenail golem (Volcano)
  5 kobold blastminers (Orc:1)
  3 molten gargoyles (Volcano)
  6 elephants (Lair:1)
  A water nymph (shapeshifter) (D:15)
  5 black mambas
  Joseph (D:9)
  12 cane toads
  A gargoyle (D:10)
  A cane toad (shapeshifter) (Lair:5)
  2 torpor snails
  A rime drake (shapeshifter) (Lair:5)
  A smoke demon (Lair:5)
  5 yaktaurs (D:15)
  3 kobold demonologists
  11 komodo dragons
  4 rime drakes
  A tengu conjurer (D:14)
  3 efreet
  3 freezing wraiths
  Jeremiah (D:6)
  3 trolls
  2 hornets
  2 tarantellas (Spider:1)
  A hornet (shapeshifter) (D:13)
  31 blink frogs
  3 raiju (Lair:5)
  15 dream sheep
  2 jumping spiders
  5 shadows
  24 slime creatures
  3 centaur simulacra (Gauntlet)
  7 wyverns
  51 yaks
  A spriggan (Lair:5)
  2 ynoxinuls (Lair:5)
  4 fire elementals (Volcano)
  2 wraiths (D:11)
  5 culicivoras (Spider:1)
  3 wargs
  A yak (shapeshifter) (Lair:5)
  Eustachio (D:4)
  11 basilisks
  5 redbacks
  A steam dragon (D:9)
  10 vampire mosquitoes
  Menkaure (D:5)
  Edmund (D:5)
  17 water moccasins
  An acid dragon (D:12)
  36 orc warriors
  3 ice beasts (D:8)
  A sky beast (shapeshifter) (Lair:5)
  10 small abominations (Lair:5)
  8 black bears
  6 ogres
  12 centaurs
  12 wolves
  A weeping skull (Ossuary)
  A brain worm (Sewer)
  5 kobold brigands
  8 bullfrogs
  2 earth elementals (Volcano)
  2 scorpions
  2 gnoll sergeants
  A cane toad simulacrum (Gauntlet)
  5 wights (D:9)
  A burial acolyte (Ossuary)
  A killer bee (D:9)
  A howler monkey (D:9)
  11 electric eels
  A wyvern simulacrum (D:9)
  2 jellies
  3 bombardier beetles
  2 hounds
  2 gnoll boudas
  20 orc priests
  2 sleepcaps
  Natasha (twice) (D:4)
  5 iguanas
  35 orc wizards
  5 mummies
  8 adders
  26 gnolls
  A river rat (Sewer)
  A shadow imp (D:5)
  A white imp (D:7)
  An ufetubus (D:6)
  3 ribbon worms
  2 dart slugs
  94 orcs
  12 ball pythons
  6 endoplasms
  5 giant cockroaches
  4 gnoll zombies (Ossuary)
  41 goblins
  29 hobgoblins
  4 jackals (Sewer)
  7 quokkas
  13 bats
  2 frilled lizards
  31 kobolds
  2 kobold zombies (Ossuary)
  2 orc zombies (Ossuary)
  5 rats
913 creatures vanquished.

Vanquished Creatures (collateral kills)
  3 orc warriors (Orc:2)
  2 ogres (Orc:2)
  An orc priest (Orc:2)
  An orc wizard (Orc:2)
7 creatures vanquished.

Vanquished Creatures (others)
  An orc (Orc:2)
1 creature vanquished.

Grand Total: 921 creatures vanquished

Notes
Turn   | Place    | Note
-------+----------+-------------------------------------------
     0 | D:1      | Caerwyn the Coglin Berserker began the quest for the Orb.
     0 | D:1      | Reached XP level 1. HP: 18/18 MP: 1/1
     4 | D:1      | Noticed a ghoul
     6 | D:1      | Noticed an octopode
     7 | D:1      | Noticed a ghoul
     8 | D:1      | Noticed an octopode
    15 | D:1      | Noticed a draconian
    15 | D:1      | Noticed a djinni
    17 | D:1      | Noticed a minotaur skeleton
   221 | D:1      | Reached XP level 2. HP: 24/24 MP: 2/2
   833 | D:2      | Reached XP level 3. HP: 16/29 MP: 3/3
  1216 | D:2      | Reached XP level 4. HP: 30/35 MP: 4/4
  1540 | D:2      | Reached ** piety under Trog
  1792 | D:3      | Reached skill level 5 in Axes
  1824 | D:3      | Reached XP level 5. HP: 41/41 MP: 5/5
  2550 | D:4      | Reached XP level 6. HP: 15/47 MP: 6/6
  2699 | D:4      | Found a sacrificial altar of Ru.
  2890 | D:4      | Noticed a black bear
  2899 | D:4      | Killed a black bear
  2965 | D:4      | Noticed Eustachio
  2988 | D:4      | Killed Eustachio
  2989 | D:4      | Reached XP level 7. HP: 29/52 MP: 7/7
  3094 | D:4      | Noticed Natasha
  3103 | D:4      | Killed Natasha
  3161 | D:4      | Reached *** piety under Trog
  3408 | D:4      | Noticed Natasha
  3413 | D:4      | Killed Natasha
  3420 | D:5      | Entered Level 5 of the Dungeon
  3443 | D:5      | Found a glowing drain.
  3466 | Sewer    | Entered a sewer
  4066 | D:5      | Found a staircase to the Ecumenical Temple.
  4068 | D:5      | Noticed Menkaure
  4073 | D:5      | Killed Menkaure
  4087 | Temple   | Entered the Ecumenical Temple
  4179 | D:5      | Reached XP level 8. HP: 47/58 MP: 8/8
  4249 | D:5      | Noticed Edmund
  4262 | D:5      | Killed Edmund
  4296 | D:5      | Reached skill level 10 in Axes
  4777 | D:5      | Reached **** piety under Trog
  5367 | D:6      | Reached XP level 9. HP: 45/63 MP: 9/9
  5385 | D:6      | Identified the staff of the Zealous God {rC+ rCorr Str-3
                  | Stlth+ Summ Ice}
  5400 | D:6      | Noticed Jeremiah
  5414 | D:6      | Killed Jeremiah
  5440 | D:6      | Found a sand-covered staircase.
  5448 | Ossuary  | Entered an ossuary
  5515 | Ossuary  | Reached ***** piety under Trog
  6271 | D:6      | Received a gift from Trog
  6712 | D:7      | Found Riwikhay's Antique Armour Shop.
  6720 | D:7      | Bought a pair of twisted gloves for 218 gold pieces
  6720 | D:7      | Identified the +0 pair of gloves of the Nightingale {rElec
                  | rF+ rN+ Str-4} (You bought it in a shop on level 7 of the
                  | Dungeon)
  6720 | D:7      | Bought a shimmering chain mail for 218 gold pieces
  6720 | D:7      | Identified the +3 chain mail of Dogma {rPois rCorr Dex+4}
                  | (You bought it in a shop on level 7 of the Dungeon)
  6829 | D:7      | Found Duamu's General Store.
  6936 | D:7      | Found Vacegergh's General Store.
  6972 | D:7      | Found a flagged portal.
  6983 | Bailey   | Entered a bailey
  7179 | Bailey   | Acquired 517 gold pieces
  7192 | Bailey   | Reached XP level 10. HP: 70/70 MP: 10/10
  7364 | Bailey   | Noticed an orc knight
  7370 | Bailey   | Killed an orc knight
  7483 | Bailey   | Found an iron altar of Okawaru.
  7483 | Bailey   | Noticed a kobold demonologist
  7483 | Bailey   | Noticed an orc sorcerer
  7488 | Bailey   | Killed an orc sorcerer
  7489 | Bailey   | Killed a kobold demonologist
  7490 | Bailey   | Reached skill level 15 in Axes
  7517 | Bailey   | Identified the +3 hand axe of Noruc {vamp, rPois rN+}
  7519 | Bailey   | Identified the +4 mace of Dismay {flame, rC+ Str+2 Stlth+}
  7852 | D:7      | Found Kosux's Book Boutique.
  8015 | D:7      | Acquired a manual of Axes
  8457 | D:8      | Noticed Gastronok
  8466 | D:8      | Killed Gastronok
  8467 | D:8      | Reached XP level 11. HP: 60/75 MP: 11/11
  8854 | D:8      | Received a gift from Trog
  9440 | D:9      | Noticed a two-headed ogre
  9446 | D:9      | Reached skill level 1 in Evocations
  9450 | D:9      | Killed a two-headed ogre
  9603 | D:9      | Paralysed by a hornet for 2 turns
  9607 | D:9      | Reached skill level 4 in Fighting
  9945 | D:9      | Noticed Joseph
  9953 | D:9      | Killed Joseph
  9954 | D:9      | Reached skill level 5 in Fighting
 10191 | D:9      | Found Musuet's Overcharged Wands.
 10306 | D:9      | Found a snail-covered altar of Cheibriados.
 10618 | D:9      | Noticed a cyclops
 10622 | D:9      | Killed a cyclops
 10623 | D:9      | Noticed a deep elf pyromancer
 10626 | D:9      | Noticed an eight-headed hydra
 10640 | D:9      | Killed a deep elf pyromancer
 10641 | D:9      | Reached skill level 6 in Fighting
 10642 | D:9      | Killed a 13-headed hydra
 10643 | D:9      | Reached XP level 12. HP: 89/89 MP: 12/12
 10702 | D:9      | Identified the +1 robe of Qoesuudd {rC+ Regen+ Dex+3
                  | Archmagi}
 10903 | D:10     | Entered Level 10 of the Dungeon
 10918 | D:10     | Reached skill level 5 in Evocations
 11084 | D:10     | Noticed a two-headed ogre
 11084 | D:10     | Noticed a two-headed ogre
 11100 | D:10     | Reached skill level 7 in Fighting
 11103 | D:10     | Killed a two-headed ogre
 11106 | D:10     | Killed a two-headed ogre
 11352 | D:10     | Found a staircase to the Lair.
 11625 | D:10     | Received a gift from Trog
 11694 | D:10     | Noticed a two-headed ogre
 11697 | D:10     | Killed a two-headed ogre
 11698 | D:10     | Reached skill level 8 in Fighting
 11698 | D:10     | Reached skill level 5 in Armour
 11698 | D:10     | Reached skill level 5 in Dodging
 11876 | D:11     | Noticed a boulder beetle
 11878 | D:11     | Noticed Urug
 11883 | D:11     | Noticed a boulder beetle
 11886 | D:11     | Killed Urug
 11895 | D:11     | Killed a boulder beetle
 11915 | D:11     | HP: 2/94 [boulder beetle (19)]
 11919 | D:11     | Killed a boulder beetle
 11920 | D:11     | Reached skill level 9 in Fighting
 12560 | D:11     | Found Agosch's Assorted Antiques.
 12568 | D:11     | Bought 2 potions of heal wounds for 280 gold pieces
 12568 | D:11     | Bought a potion of mutation for 224 gold pieces
 12568 | D:11     | Bought a potion of mutation for 224 gold pieces
 12568 | D:11     | Bought a scroll of identify for 56 gold pieces
 12568 | D:11     | Bought a scroll of identify for 56 gold pieces
 12715 | D:12     | Identified the +4 trident "Ruitt" {protect, Int+5}
 12777 | D:12     | Reached skill level 10 in Fighting
 12783 | D:12     | Reached XP level 13. HP: 66/103 MP: 13/13
 13021 | D:12     | Found a portal to a secret trove of treasure.
 13037 | D:12     | Reached skill level 11 in Fighting
 13040 | D:12     | Identified the blade talisman of Hide-and-Seek {rCorr Dex-5
                  | SInv Stlth-}
 13424 | D:12     | Found a staircase to the Orcish Mines.
 13624 | D:12     | Found a white marble altar of Elyvilon.
 14006 | Lair:1   | Entered Level 1 of the Lair of Beasts
 14164 | Lair:1   | Reached skill level 12 in Fighting
 14206 | Lair:1   | Found a transporter.
 14533 | Lair:1   | Found a transporter.
 14649 | Lair:1   | Identified the +1 helmet of Periwinkles {Int+6}
 14860 | Lair:2   | Reached skill level 13 in Fighting
 15006 | Lair:2   | Received a gift from Trog
 15011 | Lair:2   | Reached XP level 14. HP: 100/118 MP: 14/14
 15021 | Lair:2   | Acquired a geoautomatic generator {Rampage Acrobat Will+
                  | Slay+3}
 15405 | Lair:3   | Found a staircase to the Shoals.
 15506 | Lair:3   | Reached skill level 14 in Fighting
 15963 | Lair:3   | Found a hole to the Spider Nest.
 16457 | Lair:4   | Found a dark tunnel.
 16467 | Volcano  | Entered a volcano
 16718 | Volcano  | Reached ****** piety under Trog
 16773 | Volcano  | Reached XP level 15. HP: 119/127 MP: 15/15
 17015 | Lair:4   | Reached skill level 10 in Armour
 17188 | Lair:4   | Reached skill level 10 in Evocations
 17189 | Lair:4   | Reached skill level 15 in Fighting
 17301 | Lair:4   | Found a viscous altar of Jiyva.
 17302 | Lair:4   | Found a staircase to the Slime Pits.
 17779 | Lair:5   | Entered Level 5 of the Lair of Beasts
 18146 | Lair:5   | Received a gift from Trog
 18176 | Lair:5   | Reached skill level 16 in Fighting
 18196 | Lair:5   | Reached XP level 16. HP: 116/138 MP: 16/16
 18455 | Lair:5   | Found a corrupted altar of Lugonu.
 18455 | Lair:5   | Found a one-way gate to the infinite horrors of the Abyss.
 18748 | Lair:5   | Received a gift from Trog
 19335 | Orc:1    | Entered Level 1 of the Orcish Mines
 19578 | Orc:2    | Entered Level 2 of the Orcish Mines
 19634 | Orc:1    | Found a roughly hewn altar of Beogh.
 19643 | Orc:1    | Reached skill level 17 in Fighting
 19923 | Orc:1    | Noticed Fannar
 19927 | Orc:1    | Killed Fannar
 20217 | Orc:2    | Found a staircase to the Elven Halls.
 20295 | Orc:2    | Noticed Saint Roka
 20302 | Orc:2    | Identified the +6 broad axe of Defence {heavy, rPois
                  | Stlth+} (Trog gifted it to you on level 2 of the Orcish
                  | Mines)
 20302 | Orc:2    | Received a gift from Trog
 20313 | Orc:2    | Killed Saint Roka
 20314 | Orc:2    | Found a roughly hewn altar of Beogh.
 20327 | Orc:2    | Found Zuguem Xeusi's General Store.
 20334 | Orc:2    | Found Zoingaiv's Antique Armour Emporium.
 20350 | Orc:2    | Found Ennulopn's Jewellery Emporium.
 20544 | Orc:2    | Found Atwoenu's Antique Weapon Emporium.
 20619 | Orc:2    | Bought the +1 helmet of Duro {rN+ Str+4} for 407 gold
                  | pieces
 20619 | Orc:2    | Bought a potion of heal wounds for 70 gold pieces
 20619 | Orc:2    | Bought a scroll of teleportation for 42 gold pieces
 20619 | Orc:2    | Bought a potion of lignification for 42 gold pieces
 20788 | Orc:2    | Found Ihont's Magic Scroll Shoppe.
 20791 | Orc:2    | Bought 2 scrolls of enchant weapon for 240 gold pieces
 20791 | Orc:2    | Bought a scroll of enchant weapon for 120 gold pieces
 20791 | Orc:2    | Bought a scroll of revelation for 120 gold pieces
 20791 | Orc:2    | Bought a scroll of identify for 32 gold pieces
 20791 | Orc:2    | Bought a scroll of revelation for 120 gold pieces
 20791 | Orc:2    | Bought a scroll of teleportation for 48 gold pieces
 21003 | D:13     | Identified the +7 trident of Gravity {spect, rPois}
 21175 | D:13     | Reached skill level 18 in Fighting
 21235 | D:13     | Found a gate to the Vaults.
 21533 | D:13     | Received a gift from Trog
 21814 | D:14     | Noticed Agnes
 21818 | D:14     | Killed Agnes
 22158 | D:15     | Entered Level 15 of the Dungeon
 22174 | D:15     | Reached XP level 17. HP: 136/151 MP: 17/17
 22267 | D:15     | Found a gate leading to a gauntlet.
 22339 | Gauntlet | Entered a Gauntlet
 22339 | Gauntlet | Found a transporter.
 22386 | Gauntlet | Found a transporter.
 22388 | Gauntlet | Found a transporter.
 22399 | Gauntlet | Found a transporter.
 22402 | Gauntlet | Found a transporter.
 22407 | Gauntlet | Found a runed translucent gate.
 22407 | Gauntlet | Found a runed translucent gate.
 22411 | Gauntlet | Found a runed translucent gate.
 22411 | Gauntlet | Found a transporter.
 22430 | Gauntlet | Found a transporter.
 22437 | Gauntlet | Found a transporter.
 22448 | Gauntlet | Found a transporter.
 22456 | Gauntlet | Found a transporter.
 22475 | Gauntlet | Found a transporter.
 22486 | Gauntlet | Found a transporter.
 22539 | Gauntlet | Found a transporter.
 22542 | Gauntlet | Found a transporter.
 22651 | Gauntlet | Identified the +8 morningstar of Huyj {holy, *Rage Str+4
                  | Int+3}
 22715 | Gauntlet | Identified the -1 pair of gloves of the Vacuum {rC+ Int+3}
 23088 | D:15     | Found an ornate altar of the Wu Jian Council.
 23314 | D:15     | Found a staircase to the Depths.
 23424 | D:15     | Reached skill level 19 in Fighting
 23555 | D:15     | Noticed Jorgrun
 23561 | D:15     | Killed Jorgrun
 23674 | D:15     | Received a gift from Trog
 24256 | Spider:1 | Entered Level 1 of the Spider Nest
 24391 | Spider:1 | Reached skill level 10 in Dodging
 24395 | Spider:1 | Slain by a wolf spider simulacrum

Illustrated notes

Levels and vault maps discovered:
D:1:      shiori_arrival_whats_in_store_for_you, layout_loops_ring
D:2:      layout_basic, st_stairs_1
D:3:      layout_rooms, kennysheep_minor_cross
D:4:      layout_loops_cross, mainiacjoe_overflow_surrounded_room,
          nrook_mini_backslash, corexii_leaking_fountain, uniq_natasha,
          uniq_eustachio
D:5:      minmay_goblin_kobold_castle, layout_cave_pools,
          minmay_temple_entry_crystal_x, gup_sewer_entry_glass,
          serial_column_ruins, column_ruins_hut_ruined,
          column_ruins_columns_straight, column_ruins_corridor_corner,
          column_ruins_open_small, column_ruins_grid_3, column_ruins_open_small,
          column_ruins_corridor_straight, uniq_edmund, uniq_menkaure
D:6:      layout_basic, gup_ossuary_entry_pyramid, minmay_checkerbox,
          uniq_jeremiah
D:7:      layout_basic, enter_bailey_8, serial_shops,
          nicolae_shop_tiny_statue_garden, nicolae_shop_statue_plus, shop,
          nicolae_shop_hallway_plus
D:8:      layout_layer_cave, uniq_gastronok
D:9:      minmay_the_grid_octo_triangle [minmay_the_grid_octo_concentric,
          minmay_the_grid_octo_prize_big_c, minmay_the_grid_octo_fan_narrow],
          layout_long_grid, mainiacjoe_overflow_cross_hatched, st_stairs_2,
          nicolae_shop_overcharged_wands, uniq_joseph
D:10:     layout_cave_pools, erik_lair_orcish_takeover, serial_library,
          serial_library_hellmonk_layered_room,
          serial_library_regret_index_small_wings,
          serial_library_hellmonk_open_cross,
          serial_library_hellmonk_layered_room,
          serial_library_hellmonk_hallway_b, minmay_starry_boxes
D:11:     layout_basic, serial_shops, nicolae_shop_overgrown_old_shop,
          moated_statue, minmay_circle_x, uniq_urug
D:12:     layout_basic, hiddenorc2_lemuel, enter_trove_0, minivault_15,
          elyvilon_altar_1
D:13:     layout_gridville, david_vaults_4
D:14:     layout_gridville, uniq_agnes
D:15:     gammafunk_enter_depths_forms, layout_irregular_city, serial_glass,
          glass_columns_c, glass_columns_a, gauntlet_entry_generic,
          nzn_wu_jian_council_hall, uniq_jorgrun
Temple:   nicolae_temple_slightly_damp_pantheon
Lair:1:   gammafunk_cloud_chamber, layout_loops_ring, serial_bayou_shore_a
Lair:2:   layout_cave_shapes, beast_lair_carwin_4
Lair:3:   beast_lair_carwin_large_1, layout_small_grid,
          minmay_shoals_entry_centaurs, spider_nest_entry_funnel_web,
          infiniplex_staircase_pool_2
Lair:4:   layout_regular_city, minmay_slime_entry_oklob_open,
          lightli_volcano_entry_magma_tube
Lair:5:   hellmonk_lair_end_abyssal_woods, layout_small_grid
Spider:1: layout_spider_delve, nicolae_looking_at_the_future
Orc:1:    layout_caves, basic_altar, uniq_fannar
Orc:2:    grunt_orc_cross, layout_caves, serial_shops, nicolae_shop_rolled_up

Skill      XL: |  1  2  3  4  5  6  7  8  9 10 11 12 13 14 15 16 17 |
---------------+----------------------------------------------------+-----
Axes           | 4 5 6 7 9 11 13 17 18 | 18.0
Armour         | 4 6 8 9 10 | 10.9
Dodging        | 3 5 6 9 10 | 10.0
Evocations     | 4 5 9 10 | 10.0
Fighting       | 6 10 13 14 16 18 19 | 19.4

Action                     |  1- 3 |  4- 6 |  7- 9 | 10-12 | 13-15 | 16-18 || total
---------------------------+-------+-------+-------+-------+-------+-------++-------
  Melee: Hand axe          |    54 |   124 |   236 |    85 |   353 |    84 ||   936
         Dagger            |    16 |       |       |       |       |       ||    16
         Spear             |    38 |    41 |       |       |       |       ||    79
         War axe           |       |       |   292 |    21 |       |    66 ||   379
         Broad axe         |       |       |    35 |   418 |   402 |   485 ||  1340
 Invoke: Berserk           |       |     2 |     3 |     4 |     3 |     1 ||    13
         Trog's Hand       |       |       |     1 |     3 |       |       ||     4
         Brothers in Arms  |       |       |       |     1 |       |     1 ||     2
Ability: Invent Gizmo      |       |       |       |       |     1 |       ||     1
  Evoke: Wand              |       |     4 |     5 |     9 |     1 |       ||    19
    Use: Scroll            |       |       |    23 |    11 |     6 |     2 ||    42
         Potion            |       |       |     2 |     4 |     4 |     4 ||    14
   Stab: Sleeping          |     4 |       |       |       |       |       ||     4
         Invisible         |       |       |       |       |    18 |    21 ||    39
 Armour: Animal skin       |    24 |    17 |       |       |       |       ||    41
         Ring mail         |       |    31 |   104 |       |       |       ||   135
         Leather armour    |       |       |   109 |       |       |       ||   109
         Chain mail        |       |       |    12 |   261 |   295 |   302 ||   870
  Dodge: Dodged            |    32 |    52 |   212 |   115 |   184 |   250 ||   845

Table legend: (Time is in decaauts)
 A = Elapsed time spent in this place.
 B = Non-inter-level travel time spent in this place.
 C = Inter-level travel time spent in this place.
 D = Time resting spent in this place.
 E = Time spent auto-exploring this place.
 F = Levels seen in this place.
 G = Mean time per level.
                   A        B        C        D        E       F      G
               +--------+--------+--------+--------+--------+-----+--------+
         Total |  24613 |  23425 |   1188 |    623 |  18028 |  29 |  848.7 |
       Dungeon |  14993 |  14284 |    709 |    333 |  11294 |  15 |  999.5 |
        Temple |     71 |     71 |      0 |      0 |     70 |   1 |   71.0 |
          Lair |   5020 |   4608 |    412 |      0 |   3772 |   5 | 1004.0 |
   Spider Nest |    139 |    139 |      0 |      0 |     92 |   1 |  139.0 |
  Orcish Mines |   1575 |   1509 |     66 |      0 |   1199 |   2 |  787.5 |
         Sewer |    753 |    753 |      0 |     36 |    416 |   1 |  753.0 |
       Ossuary |    336 |    336 |      0 |    106 |    151 |   1 |  336.0 |
        Bailey |    864 |    864 |      0 |      0 |    606 |   1 |  864.0 |
       Volcano |    301 |    301 |      0 |    148 |      5 |   1 |  301.0 |
      Gauntlet |    556 |    556 |      0 |      0 |    422 |   1 |  556.0 |
               +--------+--------+--------+--------+--------+-----+--------+

Top non-repeatable levels by time:
    D:12: 1466 daAuts
     D:9: 1464 daAuts
  Lair:5: 1376 daAuts
    D:15: 1340 daAuts
     D:8: 1311 daAuts
    D:10: 1235 daAuts
     D:5: 1186 daAuts
  Lair:3: 1086 daAuts
     D:2: 1058 daAuts
     D:6: 1047 daAuts
  Lair:4: 1028 daAuts
     D:4: 956 daAuts
  Lair:1: 904 daAuts
  Bailey: 864 daAuts
   Orc:2: 857 daAuts
